 Dungeon Crawl Stone Soup version 0.26-a0-778-g3fe0686644 (webtiles) character file.

Game seed: 7781143393628098000

56 somkeydreadnuts the Digger (level 3, 0/14 HPs)
             Began as a Felid Earth Elementalist on Nov 9, 2020.
             Succumbed to an adder's poison
             ... on level 2 of the Dungeon.
             The game lasted 00:06:47 (1961 turns).

somkeydreadnuts the Digger (FeEE)                   Turns: 1961, Time: 00:06:47

Health: 0/14       AC:  1    Str:  4    XL:     3   Next: 71%
Magic:  6/8        EV: 18    Int: 17    God:
Gold:   84         SH:  0    Dex: 16    Spells: 7/8 levels left
                                        Lives:  0   Deaths: 0

rFire    . . .     SeeInvis +   (weapon unavailable)
rCold    . . .     Faith    .   (shield unavailable)
rNeg     + . .     Spirit   .   (armour unavailable)
rPois    +         Reflect  .   (helmet unavailable)
rElec    .         Harm     .   (cloak unavailable)
rCorr    .         Rampage  .   (gloves unavailable)
MR       .....                  (boots unavailable)
Stlth    +++.......             (no amulet)
HPRegen  0.04/turn              a - ring of positive energy
MPRegen  0.11/turn              g - ring of poison resistance

@: lethally poisoned (0 -> -7), quick
A: very small, no armour, no weapons or thrown items, stealth, claws 1, fangs 3,
see invisible, speed 1, shaggy fur 1, sharp paws
a: no special abilities


You were on level 2 of the Dungeon.
You visited 1 branch of the dungeon, and saw 2 of its levels.

You collected 84 gold pieces.

Inventory:

Missiles
 b - 57 stones
Jewellery
 a - a ring of positive energy (left paw)
 g - a ring of poison resistance (right paw)
Scrolls
 c - a scroll of magic mapping {unknown}
 d - a scroll of teleportation {unknown}


   Skills:
 - Level 2.6 Dodging
 - Level 2.6 Stealth
 + Level 3.0 Spellcasting
   Level 1.1 Transmutations
 + Level 3.6 Earth Magic


You had 7 spell levels left.
You knew the following spells:

 Your Spells              Type           Power        Failure   Level
a - Sandblast             Erth           ##....       4%          1

Your spell library contained the following spells:

 Spells                   Type           Power        Failure   Level
 Passwall                 Tmut/Erth      ##......     10%         2
 Stone Arrow              Conj/Erth      #.....       26%         3
 Petrify                  Tmut/Erth      ##......     54%         4
 Lee's Rapid Deconstruct  Erth           ##........   73%         5


Dungeon Overview and Level Annotations

Branches:
Dungeon (2/15)

Altars:


Innate Abilities, Weirdness & Mutations

You cannot wear armour.
You are incapable of wielding weapons or throwing items.
Your paws allow you to move quietly. (Stealth)
You have sharp claws.
You have razor-sharp teeth.
You have supernaturally acute eyesight. (SInv)
You cover ground quickly.
You are covered in fur. (AC +1)
Your sharp claws are effective at attacking unaware monsters.


Message History

You feel sick.
Casting: Sandblast (safe; 4% risk of failure)
Confirm with . or Enter, or press ? or * to list all spells.
Aiming: Sandblast (safe; 4% risk of failure)
Press: ? - help, Shift-Dir - straight line, f - rat
Aim: a rat The blast of sand hits the rat!
You kill the rat!
Your Spellcasting skill increases to level 3!
b - 20 stones
* * * LOW HITPOINT WARNING * * *
You feel sick.
You see here 25 stones.
You see here 12 stones.
b - 32 stones (gained 12)
* * * LOW HITPOINT WARNING * * *
You feel sick.
You see here 25 stones.
b - 57 stones (gained 25)
You die...

#.#..... ......(.
###........ #.. ....... #
#.. ..... #.##.##†.#
#.....†..###
####.###......
#########.@.....####..
#.......#.##.#..#
#.#####.#.##.#..#
######.###......#.. ...
............#.#..###.....
.######.##..#.#.......###.
### #.##............# #..
#..........###### #.#
#####......# #.## #.#


There were no monsters in sight!

Vanquished Creatures
  2 adders (D:2)
  An ooze (D:2)
  A leopard gecko (D:2)
  2 giant cockroaches (D:1)
  2 goblins (D:1)
  2 hobgoblins
  4 jackals (D:1)
  4 kobolds
  A ball python (D:1)
  4 bats (D:1)
  4 frilled lizards
  6 rats
33 creatures vanquished.

Vanquished Creatures (others)
  A plant (D:1)
1 creature vanquished.

Grand Total: 34 creatures vanquished

Notes
Turn   | Place    | Note
-------+----------+-------------------------------------------
     0 | D:1      | somkeydreadnuts the Felid Earth Elementalist began the
                  | quest for the Orb.
     0 | D:1      | Reached XP level 1. HP: 7/7 MP: 4/4
   180 | D:1      | Reached XP level 2. HP: 11/11 MP: 6/6
  1431 | D:2      | Reached XP level 3. HP: 14/14 MP: 5/7
  1961 | D:2      | Succumbed to an adder's poison

Illustrated notes

Levels and vault maps discovered:
D:1:      dpeg_arrival_pits, layout_basic, grunt_decor_resistance,
          serial_bayou_pond_a
D:2:      layout_loops_cross

Skill      XL: |  1  2  3 |
---------------+----------+-----
Earth Magic    | 3 |  3.6
Spellcasting   | 3 |  3.0
Dodging        | |  2.6
Stealth        | |  2.6
Transmutations | |  1.1

Action                   || total
-------------------------++-------
Melee: Unarmed           ||    67
       Bite              ||     2
 Cast: Sandblast         ||    30
  Use: Potion            ||     5
 Stab: Sleeping          ||     5
Armor: Skin              ||     9
Dodge: Dodged            ||    79

Table legend: (Time is in decaauts)
 A = Elapsed time spent in this place.
 B = Non-inter-level travel time spent in this place.
 C = Inter-level travel time spent in this place.
 D = Time resting spent in this place.
 E = Time spent auto-exploring this place.
 F = Levels seen in this place.
 G = Mean time per level.
                   A        B        C        D        E       F      G
               +--------+--------+--------+--------+--------+-----+--------+
         Total |   1765 |   1765 |      0 |      0 |   1374 |   2 |  882.5 |
       Dungeon |   1765 |   1765 |      0 |      0 |   1374 |   2 |  882.5 |
               +--------+--------+--------+--------+--------+-----+--------+

Top non-repeatable levels by time:
     D:1: 1151 daAuts
     D:2: 614 daAuts
